 Dungeon Crawl Stone Soup version 0.16.2-2-g470672f (webtiles) character file.

1229 dpvblackbelt the Changer (level 8, -1/50 HPs)
             Began as an Octopode Transmuter on Sept 2, 2015.
             Was an Initiate of Dithmenos.
             Shot with a sling bullet by Joseph (17 damage)
             ... on level 7 of the Dungeon.
             The game lasted 01:21:01 (11434 turns).

dpvblackbelt the Changer (Octopode Transmuter)     Turns: 11434, Time: 01:21:01

Health: -1/50      AC:  2    Str: 10    XL:     8   Next: 48%
Magic:  14/17      EV: 21    Int: 15    God:    Dithmenos [......]
Gold:   237        SH:  0    Dex: 19    Spells: 2 memorised, 10 levels left

rFire  . . .     SeeInvis .     b - melded +2 dagger (venom)
rCold  . . .     Clarity  +     K - melded +0 buckler
rNeg   . . .     SustAb   .     (helmet currently unavailable)
rPois  x         Gourm    .     e - amulet of clarity
rElec  .         Spirit   .     (no ring)
rCorr  .         Warding  .     (no ring)
rMut   .         Stasis   .     (no ring)
MR     .....                    (no ring)
Stlth  +++.......               (no ring)
                                (no ring)
                                (no ring)
                                (no ring)

@: spider-form (expiring), very slightly contaminated, heavily drained, not
resistant to hostile enchantments, fairly stealthy
A: almost no armour, amphibious, 8 rings, (constrict 8), (camouflage 0),
(gelatinous body 0)
a: End Transformation, Renounce Religion


You were on level 7 of the Dungeon.
You worshipped Dithmenos.
Dithmenos was noncommittal.
You were not hungry.
You were a venomous arachnid creature.
You visited 2 branches of the dungeon, and saw 8 of its levels.

You collected 237 gold pieces.

Inventory:

Hand weapons
 a - a +0 hunting sling
 b - a +2 dagger of venom (melded)
 m - a cursed -1 flail
 y - a +0 spear
Missiles
 h - 51 sling bullets
 i - 43 arrows
 j - 30 stones (quivered)
 A - 28 bolts
 C - 10 poisoned needles
 F - 3 javelins
Armour
 k - a +0 large shield
 K - a +0 buckler (melded)
Jewellery
 e - an amulet of clarity (around neck)
Magical devices
 s - a wand of slowing (20)
 z - a wand of confusion (0)
Scrolls
 c - 5 scrolls of remove curse
 l - 2 scrolls of teleportation
 o - a scroll of amnesia {unknown}
 t - 4 scrolls of identify {unknown}
 x - a scroll of magic mapping {unknown}
 B - 2 scrolls of enchant armour {unknown}
 G - a scroll of immolation {unknown}
 J - a scroll of fog {unknown}
Potions
 g - a potion of degeneration {unknown}
 p - a potion of resistance {unknown}
 q - a potion of ambrosia {unknown}
 v - a potion of brilliance {unknown}
 D - 2 potions of restore abilities {unknown}
 E - a potion of haste {unknown}
 L - a potion of flight {unknown}
Books
 d - a book of Changes

   Spells                             Type                      Level
   a - Beastly Appendage              Transmutation                1
   b - Sticks to Snakes               Transmutation                2
   c - Spider Form                    Transmutation/Poison         3
   d - Ice Form                       Ice/Transmutation            4
   e - Blade Hands                    Transmutation                5
Comestibles
 f - a beef jerky
 n - 8 bread rations
 r - 5 chunks of flesh
 u - 5 fruits
 I - 3 meat rations


   Skills:
 - Level 2.0(0.3) Fighting
 - Level 1.0(0.0) Slings
 - Level 4.9(3.1) Dodging
 + Level 4.7(2.9) Stealth
 + Level 2.4(0.8) Shields
 - Level 3.5(1.7) Unarmed Combat
 - Level 3.6(1.9) Spellcasting
 - Level 5.1(3.3) Transmutations
 - Level 4.1(2.3) Poison Magic


You had 10 spell levels left.
You knew the following spells:

 Your Spells              Type           Power        Failure   Level  Hunger
a - Beastly Appendage     Trmt           ##....       21%         1    ##.....
b - Spider Form           Trmt/Pois      #.........   45%         3    ####...


Dungeon Overview and Level Annotations

Branches:
Dungeon (7/15)             Temple (1/1) D:5

Altars:
Ashenzari
Cheibriados
Dithmenos
Fedhas
Gozag
Kikubaaqudgha
Makhleb
Nemelex Xobeh
Okawaru
Qazlal
Sif Muna
Trog
Vehumet
Xom
Yredelemnul
The Shining One

Annotations:
D:7 Joseph, Sigmund


Innate Abilities, Weirdness & Mutations

You cannot wear most types of armour.
You are amphibious.
You can wear up to eight rings at the same time.
((You can use your tentacles to constrict many enemies at once.))
((Your skin changes colour to match your surroundings (Stealth).))
((Your rubbery body absorbs attacks (AC +1).))


Message History

You hit Joseph.
Joseph is severely wounded.
Joseph hits you with a quarterstaff of draining!
* * * LOW HITPOINT WARNING * * *
You feel drained.
* * * LOW HITPOINT WARNING * * *
Drink which item? (? for menu, Esc to quit)
You feel better.
Joseph says, "A dead adventurer is a good adventurer."
Joseph hits you with a quarterstaff of draining!
You feel drained.
* * * LOW HITPOINT WARNING * * *
Read which item? (? for menu, Esc to quit)
Okay, then.
Joseph unwields an uncursed quarterstaff of draining.
Joseph wields a hunting sling.
Joseph shoots a sling bullet.
The sling bullet completely misses you.
Your transformation is almost over.
Joseph shoots a sling bullet.
The sling bullet hits you!
You die...

......#######.#
#..............#
#(.<# ###..†###
#.......###.##..
##.#$.@#.......<.
#.#..#...####...#.#
#........###......
#.....##.s......#.
....) #######.##
..... ..


You could see Joseph.

Vanquished Creatures
  2 ogres (D:5)
  A centaur (D:6)
  A giant frog (D:6)
  A centaur zombie (D:5)
  2 giant frog zombies (D:5)
  2 orc priests (D:5)
  A crimson imp (D:6)
  4 hounds
  3 orc wizards
  4 iguanas
  6 worker ants
  A hound skeleton (D:4)
  3 gnolls
  13 adders
  A giant mite (D:6)
  7 worms
  An adder skeleton (D:6)
  5 giant geckos
  2 oozes (D:3)
  20 orcs
  3 bat skeletons
  A bat zombie (D:5)
  4 giant cockroaches
  14 goblins
  12 hobgoblins
  4 jackals
  13 kobolds
  4 quokkas
  2 ball pythons (D:2)
  13 bats
  A giant gecko zombie (D:5)
  8 giant newts
  A quokka skeleton (D:4)
  16 rats
176 creatures vanquished.

Notes
Turn   | Place    | Note
--------------------------------------------------------------
     0 | D:1      | dpvblackbelt, the Octopode Transmuter, began the quest for the Orb.
     0 | D:1      | Reached XP level 1. HP: 13/13 MP: 3/3
   392 | D:2      | Reached XP level 2. HP: 6/18 MP: 2/4
  1318 | D:2      | Reached XP level 3. HP: 23/23 MP: 6/6
  1378 | D:2      | Learned a level 3 spell: Spider Form
  1599 | D:2      | Found a blossoming altar of Fedhas.
  2044 | D:2      | Reached skill level 1 in Slings
  2111 | D:1      | Reached skill level 1 in Stealth
  2111 | D:1      | Reached XP level 4. HP: 20/28 MP: 6/8
  2315 | D:2      | Found an opulent altar of Gozag.
  2947 | D:3      | Reached skill level 4 in Stealth
  3017 | D:2      | Reached XP level 5. HP: 21/33 MP: 7/9
  3583 | D:1      | Reached skill level 1 in Poison Magic
  4567 | D:4      | Reached XP level 6. HP: 38/38 MP: 11/11
  5202 | D:4      | Found a radiant altar of Vehumet.
  7484 | D:5      | Entered Level 5 of the Dungeon
  7659 | D:5      | Reached XP level 7. HP: 36/45 MP: 10/12
  8265 | D:7      | Noticed Sigmund
  8416 | D:5      | Found a staircase to the Ecumenical Temple.
  8423 | Temple   | Entered the Ecumenical Temple
  8482 | Temple   | Became a worshipper of Dithmenos the Shadowed
  9494 | D:5      | Reached XP level 8. HP: 42/50 MP: 13/16
  9854 | D:5      | Reached skill level 5 in Transmutations
 10076 | D:5      | Found a shimmering altar of Xom.
 10076 | D:5      | Noticed a water moccasin
 10357 | D:5      | Reached skill level 1 in Shields
 11381 | D:6      | Noticed a steam dragon
 11406 | D:7      | Noticed Joseph
 11434 | D:7      | Shot with a sling bullet by Joseph

Action                   |  1- 3 |  4- 6 |  7- 9 || total
-------------------------+-------+-------+-------++-------
Melee: Unarmed           |     6 |       |    24 ||    30
       Short sword       |    31 |       |       ||    31
       Whip              |     3 |       |       ||     3
       Dagger            |     5 |   161 |   157 ||   323
 Fire: Hunting sling     |    29 |    85 |    14 ||   128
Throw: Stone             |     1 |       |     7 ||     8
       Tomahawk          |       |       |     3 ||     3
 Cast: Beastly Appendage |    12 |    24 |    28 ||    64
       Spider Form       |       |       |     5 ||     5
Evoke: Wand              |       |       |     4 ||     4
  Use: Potion            |       |     1 |     5 ||     6
       Scroll            |       |       |     6 ||     6
 Stab: Sleeping          |     7 |    20 |    10 ||    37
  Eat: Chunk             |     4 |    17 |    11 ||    32
       Beef jerky        |       |       |     1 ||     1
